 Dungeon Crawl Stone Soup version 0.31-a0-366-ga77b45bd9b (webtiles) character file.

Game seed: 15807043705306118371

1012 AdnanSaban the Cudgeller (level 8, -2/48 HPs)
             Began as a Gargoyle Fighter on July 28, 2023.
             Killed from afar by a white imp (13 damage)
             ... with a puff of frost
             ... summoned by Eustachio
             ... on level 5 of the Dungeon.
             The game lasted 00:04:28 (4273 turns).

AdnanSaban the Cudgeller (Gargoyle Fighter)         Turns: 4273, Time: 00:04:28

Health: -2/48      AC:  0    Str: 23    XL:     8   Next: 21%
Magic:  8/8        EV: 14    Int:  8    God:
Gold:   265        SH:  0    Dex:  9    Spells: 7/7 levels left

rFire   . . .        a - melded +0 flail
rCold   . . .        t - melded +0 kite shield
rNeg    + . .        b - melded +0 scale mail
rPois   ∞            k - melded +0 helmet
rElec   .            q - melded +0 cloak
rCorr   .            (gloves currently unavailable)
SInv    .            (boots currently unavailable)
Will    .....        (no amulet)
Stlth   +            o - melded +5 ring of evasion
HPRegen 0.28/turn    (ring currently unavailable)
MPRegen 0.11/turn

%: no passive effects
@: pig-form, very quick
A: fast, no casting, sickness immunity, AC +5, small, negative energy resistance
1, (electricity resistance), torment resistance 1, petrification resistance
a: no special abilities


You were on level 5 of the Dungeon.
You were a filthy swine.
You visited 1 branch of the dungeon, and saw 5 of its levels.

You collected 265 gold pieces.

Inventory:

Hand Weapons
 a - a +0 flail (melded)
Missiles
 h - 4 boomerangs (quivered)
 n - 9 poisoned darts
Armour
 b - a +0 scale mail (melded)
 k - a +0 helmet (melded)
 q - a +0 cloak (melded)
 t - a +0 kite shield (melded)
Jewellery
 o - a +5 ring of evasion (melded)
Wands
 m - a wand of mindburst (14)
Scrolls
 c - a scroll of revelation {unknown}
 e - 5 scrolls of immolation {unknown}
 f - 2 scrolls of enchant armour {unknown}
 i - 6 scrolls of identify {unknown}
 l - 2 scrolls of teleportation {unknown}
 r - a scroll of fog {unknown}
 u - 2 scrolls of enchant weapon {unknown}
Potions
 d - a potion of might
 g - a potion of brilliance {unknown}
 j - a potion of curing {unknown}
 p - a potion of attraction {unknown}
 s - a potion of resistance {unknown}
 v - 2 potions of haste {unknown}
 w - a potion of enlightenment {unknown}


   Skills:
 + Level 4.7 Fighting
 + Level 6.2 Maces & Flails
 + Level 0.9 Throwing
 + Level 5.1 Armour
 + Level 2.0 Dodging
 + Level 5.5 Shields


You had 7 spell levels left.
You didn't know any spells.
Your spell library contained the following spells:

 Spells                   Type           Power      Damage    Failure   Level
 Magic Dart               Conj           0%         1d3       41%         1
 Call Imp                 Summ           0%         N/A       54%         2
 Lesser Beckoning         Tloc           0%         N/A       54%         2
 Frozen Ramparts          Ice            0%         1d1       78%         3
 Gell's Gravitas          Tloc           0%         N/A       78%         3
 Mephitic Cloud           Conj/Pois/Air  0%         N/A       78%         3
 Teleport Other           Tloc           0%         N/A       78%         3
 Petrify                  Tmut/Erth      0%         N/A       99%         4
 Metabolic Englaciation   Hex/Ice        0%         N/A       100%        5


Dungeon Overview and Level Annotations

Branches:
Dungeon (5/15)
 Temple: D:4-7

Altars:

Shops:
D:4 *

Annotations:
D:2 1 runed translucent door, Crazy Yiuf
D:5 3 runed translucent doors, AIAndy's ghost, novice OpSh; Eustachio; blacky4's ghost, novice FoFi


Innate Abilities, Weirdness & Mutations

You are a filthy swine.
You move quickly.
Your equipment is almost entirely melded.
You are incapable of wielding weapons or throwing items.
You cannot cast spells.
You are immune to sickness and miasma.
((Your stone body is resilient. (AC +5)))
You are immune to poison.
You resist negative energy. (rN+)
((You are resistant to electric shocks. (rElec)))
You are resistant to unholy torment.
You are immune to petrification.


Message History

The river rat bites you but does no damage.
You block the quokka's attack.
The phantom hits you but does no damage.
The hound bites you but does no damage. The river rat bites you.
You block the rat's attack.
The river rat bites you but does no damage.
You closely miss the hound.
The hound is almost dead.
The quokka bites you but does no damage.
You block the hound's attack.
The phantom hits you but does no damage.
You block the quokka's attack. The rat bites you but does no damage.
The river rat bites you but does no damage. x2
The hound bites you but does no damage.
You miss the hound.
The hound is almost dead.
The phantom hits you but does no damage.
You block the hound's attack.
The quokka bites you but does no damage.
You block the rat's attack. You block the river rat's attack.
Unknown command.
You closely miss the hound.
The hound is almost dead.
You feel less wooden.
Your +0 cloak unmelds from your body.
Your +0 helmet unmelds from your body.
Your +0 scale mail unmelds from your body.
The hound barely misses you. You block the quokka's attack.
The phantom hits you but does no damage.
The hound closely misses you.
Eustachio zaps a wand.
You turn into a filthy swine.
Your +0 flail melds into your body.
Your +0 cloak melds into your body.
Your +0 helmet melds into your body.
Your +0 kite shield melds into your body.
Your +0 scale mail melds into your body.
Your +5 ring of evasion melds into your body.
The phantom hits you!
* * * LOW HITPOINT WARNING * * *
The phantom blinks!
You blink.
The white imp gestures at you. The puff of frost hits you!
You die...

..# ..###.##$♣⌠♣#.##.....#.....
..###..#...######........##..#
.......#...................>.#
...................#...#.#...#
...................##..#....#
...................##.......###
........#........###.....#....#
........#.....##........##....#
#.......c.....#Wh..#....#....##
###.........###r.........##..#
#.......#..###c@r.....#..# ###
#.......##.oJ.hrr5#...#..#
#........##.so#...#.#....#
##..........So#......#####
....#..#....#.##.....#
##..#..##.###.#.....##
####......#.........#


You could see Eustachio, a phantom, a centaur, a scorpion, a hound, a jelly, an
adder, 2 river rats, a white imp (summoned), 2 orcs, a quokka (summoned) and a
rat (summoned).

Vanquished Creatures
  Pikel (D:3)
  2 water moccasins
  A lemure (D:3)
  A hound (D:5)
  An orc priest (D:4)
  An iguana (D:5)
  A sleepcap (D:4)
  Jessica (D:2)
  3 orc wizards
  Robin (D:4)
  5 adders
  An ufetubus (D:5)
  3 worms
  A dart slug (D:1)
  7 orcs
  4 endoplasms
  4 giant cockroaches
  17 goblins
  10 hobgoblins
  3 quokkas
  8 ball pythons
  4 bats
  2 frilled lizards (D:2)
  8 kobolds
  4 rats
94 creatures vanquished.

Notes
Turn   | Place    | Note
-------+----------+-------------------------------------------
     0 | D:1      | AdnanSaban the Gargoyle Fighter began the quest for the
                  | Orb.
     0 | D:1      | Reached XP level 1. HP: 14/14 MP: 1/1
   177 | D:1      | Reached XP level 2. HP: 18/19 MP: 2/2
   720 | D:1      | Reached XP level 3. HP: 21/23 MP: 3/3
  1170 | D:2      | Noticed Jessica
  1173 | D:2      | Killed Jessica
  1174 | D:2      | Reached XP level 4. HP: 24/29 MP: 4/4
  1573 | D:2      | Reached skill level 3 in Maces & Flails
  1703 | D:2      | Found a runed translucent door.
  1704 | D:2      | Noticed Crazy Yiuf
  2120 | D:3      | Reached XP level 5. HP: 33/33 MP: 5/5
  2174 | D:3      | Found a faded altar of an unknown god.
  2618 | D:4      | Reached skill level 1 in Dodging
  2641 | D:4      | Noticed a water moccasin
  2659 | D:4      | Killed a water moccasin
  2660 | D:4      | Reached skill level 4 in Maces & Flails
  2660 | D:4      | Reached XP level 6. HP: 10/38 MP: 6/6
  3177 | D:4      | Noticed Pikel
  3367 | D:3      | Killed Pikel
  3368 | D:3      | Reached skill level 5 in Maces & Flails
  3368 | D:3      | Reached skill level 5 in Shields
  3368 | D:3      | Reached XP level 7. HP: 10/44 MP: 7/7
  3529 | D:4      | Reached skill level 6 in Maces & Flails
  3531 | D:4      | Found Dokhlot's Assorted Antiques.
  3878 | D:4      | Noticed Robin
  3892 | D:3      | Reached skill level 5 in Armour
  3924 | D:4      | Killed Robin
  3925 | D:4      | Reached XP level 8. HP: 47/48 MP: 8/8
  4109 | D:5      | Entered Level 5 of the Dungeon
  4135 | D:5      | Found a runed translucent gate.
  4135 | D:5      | Found a runed translucent gate.
  4136 | D:5      | Found a runed translucent gate.
  4137 | D:5      | Noticed blacky4's ghost (novice FoFi)
  4137 | D:5      | Noticed AIAndy's ghost (novice OpSh)
  4256 | D:5      | Noticed Eustachio
  4273 | D:5      | Killed from afar by a white imp

Illustrated notes

Levels and vault maps discovered:
D:1:      amcnicky_arrival_flooded_fountain, layout_loops_cross
D:2:      layout_loops_ring, uniq_crazy_yiuf_cottage, uniq_jessica
D:3:      layout_loops_ring, hellmonk_ecumenical_altar_defaced_shrine,
          nicolae_half_adder
D:4:      layout_basic, nicolae_inconvenience_store, amcnicky_mini_pool_small,
          kennysheep_crisscross, chequers_serial_rivers_small_3, uniq_pikel,
          uniq_robin
D:5:      layout_cave_pools, gammafunk_ghost_cemetery, fountainhead,
          uniq_eustachio

Skill      XL: |  1  2  3  4  5  6  7  8 |
---------------+-------------------------+-----
Armour         | 4 5 |  5.1
Maces & Flails | 3 4 5 6 |  6.2
Shields        | 4 5 |  5.5
Dodging        | 1 2 |  2.0
Fighting       | 4 |  4.7
Throwing       | |  0.9

Action                     |  1- 3 |  4- 6 |  7- 9 || total
---------------------------+-------+-------+-------++-------
  Melee: Flail             |   136 |   222 |    93 ||   451
  Throw: Boomerang         |       |    10 |       ||    10
 Armour: Scale mail        |   103 |   121 |    53 ||   277
         Skin              |       |       |    52 ||    52
  Dodge: Dodged            |    74 |   123 |   101 ||   298
  Block: Buckler           |    41 |    10 |       ||    51
         Kite shield       |       |    61 |    90 ||   151

Table legend: (Time is in decaauts)
 A = Elapsed time spent in this place.
 B = Non-inter-level travel time spent in this place.
 C = Inter-level travel time spent in this place.
 D = Time resting spent in this place.
 E = Time spent auto-exploring this place.
 F = Levels seen in this place.
 G = Mean time per level.
                   A        B        C        D        E       F      G
               +--------+--------+--------+--------+--------+-----+--------+
         Total |   4418 |   4206 |    212 |    151 |   3007 |   5 |  883.6 |
       Dungeon |   4418 |   4206 |    212 |    151 |   3007 |   5 |  883.6 |
               +--------+--------+--------+--------+--------+-----+--------+

Top non-repeatable levels by time:
     D:4: 1203 daAuts
     D:3: 1173 daAuts
     D:1: 939 daAuts
     D:2: 925 daAuts
     D:5: 175 daAuts
